 Dungeon Crawl Stone Soup version 0.30.0-29-ga12c61a403 (webtiles) character file.

Game seed: 5393140776472284509

44 Cheops the Digger (level 3, -1/27 HPs)
             Began as an Armataur Earth Elementalist on June 21, 2023.
             Slain by Robin
             ... wielding a +4 short sword of protection
              (3 damage)
             ... on level 1 of the Dungeon.
             The game lasted 00:01:59 (1445 turns).

Cheops the Digger (Armataur Earth Elementalist)     Turns: 1445, Time: 00:01:59

Health: -1/27      AC:  6    Str: 13    XL:     3   Next: 39%
Magic:  0/6        EV:  9    Int: 17    God:
Gold:   15         SH:  0    Dex: 10    Spells: 3/6 levels left

rFire   . . .        a - +0 dagger
rCold   . . .        (no shield)
rNeg    . . .        e - +0 robe
rPois   .            (no helmet)
rElec   .            (no cloak)
rCorr   .            c - +1 pair of gloves
SInv    .            (no barding)
Will    .....        (no amulet)
Stlth   ++           (no ring)
HPRegen 0.24/turn    (no ring)
MPRegen 0.10/turn

%: roll
@: no status effects
A: large, rugged brown scales 3, deformed body, armoured tail, roll, long
tongue, awkward tongue
a: no special abilities


You were on level 1 of the Dungeon.
You visited 1 branch of the dungeon, and saw 2 of its levels.

You collected 15 gold pieces.

Inventory:

Hand Weapons
 a - a +0 dagger (weapon)
Armour
 c - a +1 pair of gloves (worn)
 e - a +0 robe (worn)
Scrolls
 f - 4 scrolls of identify {unknown}
 g - a scroll of fog {unknown}
 i - a scroll of enchant armour {unknown}
Potions
 b - a potion of magic
 d - a potion of flight


   Skills:
 - Level 1.3 Dodging
 + Level 3.0 Stealth
 - Level 2.0 Spellcasting
 - Level 0.8 Transmutations
 * Level 3.6 Earth Magic


You had 3 spell levels left.
You knew the following spells:

 Your Spells              Type           Power      Damage    Failure   Level
a - Sandblast             Erth           28%        2d8       4%          1
P - Passwall              Tmut/Erth      7%         N/A       12%         2

Your spell library contained the following spells:

 Spells                   Type           Power      Damage    Failure   Level
 Stone Arrow              Conj/Erth      14%        3d7       28%         3
 Petrify                  Tmut/Erth      9%         N/A       58%         4


Dungeon Overview and Level Annotations

Branches:
Dungeon (2/15)

Altars:

Annotations:
D:1 Robin


Innate Abilities, Weirdness & Mutations

You are completely covered in rugged brown scales. (AC +3, +7% HP)
Armour fits poorly on your strangely shaped body.
You have a long armoured tail.
You roll when moving toward enemies. (Rampage)
Your long tongue fully drains potion bottles. (2x potion effects)
Your tongue gives you trouble enunciating. (1.5x scroll delay)


Message History

Aiming: Sandblast (safe; 4% risk of failure)
Press: ? - help, Shift-Dir - straight line, f/p - Robin
Aim: Robin, wielding a +4 short sword of protection, wearing a +0 animal skin and wearing a +0 helmet (87% to hit)
The blast of sand misses Robin.
Robin hits you with a +4 short sword of protection.
* * * LOW HITPOINT WARNING * * *
Casting: Sandblast (safe; 4% risk of failure)
Confirm with . or Enter, or press ? or * to list all spells.
Aiming: Sandblast (safe; 4% risk of failure)
Press: ? - help, Shift-Dir - straight line, f/p - Robin
Aim: Robin, wielding a +4 short sword of protection, wearing a +0 animal skin and wearing a +0 helmet (87% to hit)
The blast of sand misses Robin.
Robin hits you with a +4 short sword of protection.
* * * LOW HITPOINT WARNING * * *
Robin hits you with a +4 short sword of protection.
* * * LOW HITPOINT WARNING * * *
Casting: Sandblast (safe; 4% risk of failure)
Confirm with . or Enter, or press ? or * to list all spells.
Aiming: Sandblast (safe; 4% risk of failure)
Press: ? - help, Shift-Dir - straight line, f/p - Robin
Aim: Robin, wielding a +4 short sword of protection, wearing a +0 animal skin and wearing a +0 helmet (87% to hit)
The blast of sand hits Robin but does no damage.
Robin misses you.
You aren't carrying any items that you can evoke.
It was a potion of flight.
You feel very buoyant.
You fly up into the air.
You slurp down every last drop of the potion of flight!
Robin hits you with a +4 short sword of protection.
* * * LOW HITPOINT WARNING * * *
It was a potion of cancellation.
Your magical effects are unravelling.
You feel magically purged.
You slurp down every last drop of the potion of cancellation!
You float gracefully downwards.
Robin closely misses you.
You aren't carrying any items that you can evoke.
Unknown command.
You hit Robin but do no damage.
Robin hits you with a +4 short sword of protection.
You die...

###......##.........#
............#######.#
..........#########.#
..........#.......#.#
....###'#(+...<...'.#
....# #.#.#.......#.#
....# #.#.#########.#
....# #.#.#.....g.#.#
#######.#.'.>.>.@.+.#
..........#....)..###
#########.#########
#..............#
#.#....#.#####.#
##.#....#.### #.#
.#..........###.###
.#######.....)....#
.# #.# #..........#


You could see Robin.

Vanquished Creatures
  A dart slug (D:1)
  2 ball pythons (D:1)
  4 endoplasms
  5 giant cockroaches (D:1)
  6 hobgoblins
  A quokka (D:1)
  3 bats (D:1)
  A frilled lizard (D:1)
  9 goblins
  A rat (D:1)
33 creatures vanquished.

Notes
Turn   | Place    | Note
-------+----------+-------------------------------------------
     0 | D:1      | Cheops the Armataur Earth Elementalist began the quest for
                  | the Orb.
     0 | D:1      | Reached XP level 1. HP: 14/14 MP: 3/3
   179 | D:1      | Reached XP level 2. HP: 15/21 MP: 0/5
   835 | D:1      | Reached XP level 3. HP: 27/27 MP: 2/6
   838 | D:1      | Learned a level 2 spell: Passwall
  1284 | D:2      | Noticed Robin
  1445 | D:1      | Slain by Robin

Illustrated notes

Levels and vault maps discovered:
D:1:      minmay_arrival_up_and_down, layout_basic, minmay_crystal_water,
          minmay_circled_x
D:2:      layout_loops_ring, shapermc_ecumenical_altar_venn,
          kennysheep_generic_room_6, uniq_robin

Skill      XL: |  1  2  3 |
---------------+----------+-----
Spellcasting   | 2 |  2.0
Earth Magic    | 3 |  3.6
Stealth        | 3 |  3.0
Dodging        | |  1.3
Transmutations | |  0.8

Action                     || total
---------------------------++-------
  Melee: Dagger            ||    18
         Tailslap          ||     3
   Cast: Sandblast         ||    51
    Use: Potion            ||     2
 Armour: Robe              ||    23
  Dodge: Dodged            ||    31
